 Dungeon Crawl Stone Soup version 0.18-a0-1685-g4482fe3 (webtiles) character file.

12212 Kidiri the Thaumaturge (level 11, 0/62 HPs)
             Began as a Deep Elf Fire Elementalist on Apr 4, 2016.
             Was a Believer of Vehumet.
             Slain by an unseen horror (3 damage)
             ... on level 11 of the Dungeon.
             The game lasted 01:40:10 (14203 turns).

Kidiri the Thaumaturge (DEFE)                      Turns: 14203, Time: 01:40:11

Health: 0/62       AC:  9    Str:  3    XL:     11   Next: 59%
Magic:  9/31       EV: 18    Int: 24    God:    Vehumet [**....]
Gold:   585        SH:  5    Dex: 15    Spells: 7 memorised, 13 levels left

rFire  . . .     SeeInvis .     k - +2 whip (elec)
rCold  + . .     Gourm    .     a - +0 robe
rNeg   . . .     Faith    .     o - +0 buckler
rPois  .         Spirit   .     (helmet restricted)
rElec  .         Dismiss  +     m - +1 cloak
rCorr  .         Reflect  .     d - +1 pair of gloves
SustAt .         Harm     .     p - +1 pair of boots
MR     ++...                    E - amulet of dismissal
Stlth  ++........               (no ring)
                                (no ring)

@: exhausted, slowed, very slow, very resistant to hostile enchantments,
unstealthy
A: beak, blurry vision 2, cold resistance 1, high mp 1, magic resistance 1, weak
1, wild magic 1
a: Renounce Religion


You were on level 11 of the Dungeon.
You worshipped Vehumet.
Vehumet was pleased with you.
You were hungry.

You visited 2 branches of the dungeon, and saw 12 of its levels.

You collected 585 gold pieces.

Inventory:

Hand Weapons
 k - a +2 whip of electrocution (weapon)
 v - a +2 short sword of holy wrath
Armour
 a - a +0 robe (worn)
 d - a +1 pair of gloves (worn)
 m - a +1 cloak (worn)
 o - a +0 buckler (worn)
 p - a +1 pair of boots (worn)
 C - a +2 leather armour of positive energy
 L - a +0 shield
Magical Staves
 h - an uncursed staff of conjuration
Jewellery
 E - an amulet of dismissal (around neck)
Wands
 f - a wand of disintegration (12/24)
 g - a wand of polymorph (16/24)
 j - a wand of polymorph (11/24)
 r - a wand of flame (29/48)
 w - a wand of digging (15/24)
 y - a wand of confusion (31/48)
 z - a wand of lightning (7/15)
 B - a wand of confusion (34/48)
 F - a wand of flame (18/48)
 J - a wand of polymorph (9/24)
Scrolls
 e - 2 scrolls of amnesia
 n - 4 scrolls of remove curse
 D - a scroll of identify
 K - a scroll of blinking
 M - a scroll of teleportation {unknown}
Potions
 i - a potion of resistance
 l - 2 potions of brilliance
 q - a potion of flight
 u - a potion of might
 x - 3 potions of lignification
 A - a potion of cancellation {unknown}
 G - a potion of berserk rage
 I - a potion of degeneration {unknown}
Books
 b - a book of Flames

   Spells                             Type                      Level
   a - Flame Tongue                   Conjuration/Fire             1
   b - Throw Flame                    Conjuration/Fire             2
   c - Conjure Flame                  Conjuration/Fire             3
   d - Inner Flame                    Hexes/Fire                   3
   e - Sticky Flame                   Conjuration/Fire             4
   f - Fireball                       Conjuration/Fire             5
Comestibles
 c - 6 bread rations
 t - 2 meat rations


   Skills:
 + Level 4.4 Fighting
 + Level 4.6 Armour
 * Level 10.2 Dodging
 - Level 2.4 Stealth
 + Level 4.2 Shields
 * Level 11.3 Spellcasting
 + Level 6.8 Conjurations
 + Level 7.4 Hexes
 + Level 7.2 Fire Magic
 + Level 3.1 Poison Magic


You had 13 spell levels left.
You knew the following spells:

 Your Spells              Type           Power        Failure   Level  Hunger
a - Flame Tongue          Conj/Fire      #####        2%          1    None
b - Throw Flame           Conj/Fire      ######       2%          2    None
c - Conjure Flame         Conj/Fire      ######..     3%          3    None
d - Inner Flame           Hex/Fire       ######..     3%          3    None
e - Sticky Flame          Conj/Fire      ######..     7%          4    None
f - Fireball              Conj/Fire      ######....   19%         5    ####...
g - Sting                 Conj/Pois      ####         3%          1    None


Dungeon Overview and Level Annotations

Branches:
Dungeon (11/15)            Temple (1/1) D:5            Lair (0/8) D:11
    Orc (0/2) D:11

Altars:
Ashenzari
Cheibriados
Dithmenos
Elyvilon
Fedhas
Gozag
Kikubaaqudgha
Makhleb
Nemelex Xobeh
Okawaru
Pakellas
Qazlal
Ru
Sif Muna
Trog
Vehumet
Xom
Yredelemnul
Zin
The Shining One
Beogh


Innate Abilities, Weirdness & Mutations

You have a beak for a mouth.
Scrolls take you longer to read.
Your flesh is cold resistant.
You have an increased reservoir of magic (+10% MP).
You are resistant to hostile enchantments.
You are weak. (Str -2)
Your spells are a little harder to cast, but a little more powerful.


Message History

* * * LOW HITPOINT WARNING * * *
Unknown command.
Casting: Conjure Flame
Confirm with . or Enter, or press ? or * to list all spells.
Aiming: Flame Tongue
Press: ? - help, Shift-Dir - straight line, f - orc
Aim: an orc, wielding a short sword and wearing a leather armour
Okay, then.
Unknown command.
Drink which item? (? for menu, Esc to quit)
Okay, then.
Unknown command.
Read which item? (? for menu, Esc to quit)
Really read with blurry vision while enemies are nearby? [Y]es or [N]o only, please.
Really read with blurry vision while enemies are nearby? [Y]es or [N]o only, please.
Really read with blurry vision while enemies are nearby?
Something closely misses you. Something hits you.
You die...

......#......#....#..⌠..8....
......#......#....# ...).[.
.<....########...## .8oo
.................# #§##
#'#####.####.....########..#....
#.....#.#..#.....#.........#...##
#.....#.##.#####.o.........#...#.
#....##..#.....#.#.).......#...#.
#...>#..<#.....#@###########...#.
#....#...#.....'...............#.
#....#..##.....#...............#.
#....##.#......#..###'####.....#.
#.....#.#......#..#......#.....#.
#....##.#......#..#......#.....##
#....#..########..#......#.......
#....#............########.......
+....#......#####..........).....


You could see an orc.

Vanquished Creatures
  Erolcha (D:11)
  A hydra (D:11)
  An unseen horror (D:10)
  A hill giant (D:10)
  3 cyclopes
  2 trolls
  A shadow (D:11)
  A wyvern (D:9)
  11 yaks (D:9)
  4 hippogriffs
  A hungry ghost (D:10)
  Menkaure (D:5)
  An ice beast (D:6)
  6 orc warriors
  2 sky beasts
  5 necrophages
  2 phantoms (D:9)
  The ghost of crauler the Cudgeler, an amateur NaGl (D:3)
  A black bear (D:10)
  4 ogres
  3 centaurs
  3 big kobolds
  6 giant frogs
  A wyvern zombie (D:6)
  A wyvern skeleton (D:11)
  4 scorpions
  3 killer bees (D:9)
  9 wights
  A howler monkey (D:7)
  7 crimson imps
  2 centaur zombies
  A giant frog zombie (D:7)
  3 quasits
  7 hounds
  A centaur skeleton (D:7)
  7 orc priests
  3 iguanas
  6 jellies
  2 giant frog skeletons
  8 orc wizards
  4 worker ants
  4 sheep (D:10)
  2 mummies (D:7)
  2 hound skeletons (D:6)
  3 hound zombies
  A worker ant zombie (D:7)
  3 gnolls (D:4)
  12 adders
  3 shadow imps
  2 oozes
  2 adder skeletons
  3 worms
  3 dart slugs
  4 giant geckos
  50 orcs
  10 bats
  9 giant cockroaches
  12 goblins
  4 hobgoblins
  8 jackals
  6 quokkas
  2 ball pythons
  4 giant gecko skeletons
  A giant gecko zombie (D:7)
  6 giant newts
  16 kobolds
  6 rats
310 creatures vanquished.

Vanquished Creatures (others)
  A quokka (D:7)
  A kobold (D:7)
  2 withered plants
4 creatures vanquished.

Grand Total: 314 creatures vanquished

Notes
Turn   | Place    | Note
--------------------------------------------------------------
     0 | D:1      | Kidiri the Deep Elf Fire Elementalist began the quest for the Orb.
     0 | D:1      | Reached XP level 1. HP: 10/10 MP: 6/6
   419 | D:1      | Reached XP level 2. HP: 15/15 MP: 8/8
   423 | D:1      | Learned a level 2 spell: Throw Flame
   896 | D:2      | Reached XP level 3. HP: 18/20 MP: 1/10
  1002 | D:2      | Learned a level 3 spell: Conjure Flame
  1007 | D:2      | Learned a level 3 spell: Inner Flame
  1207 | D:2      | Reached skill level 4 in Spellcasting
  1207 | D:2      | Reached XP level 4. HP: 24/24 MP: 8/12
  1529 | D:2      | Found an iron altar of Okawaru.
  1876 | D:3      | Noticed an angel
  1876 | D:3      | Found a shimmering altar of Xom.
  1876 | D:3      | Found a glowing silver altar of Zin.
  2267 | D:3      | Noticed crauler's ghost (amateur NaGl)
  2394 | D:3      | Reached skill level 1 in Fighting
  2439 | D:3      | Reached XP level 5. HP: 24/29 MP: 3/13
  2444 | D:3      | Reached skill level 1 in Armour
  2444 | D:3      | Reached skill level 1 in Hexes
  2544 | D:3      | Learned a level 4 spell: Sticky Flame
  2823 | D:3      | Killed crauler's ghost
  2823 | D:3      | Reached skill level 1 in Shields
  2946 | D:3      | Found a shattered altar of Ashenzari.
  3089 | D:4      | Reached XP level 6. HP: 34/34 MP: 3/15
  3354 | D:4      | Noticed an orc warrior
  3361 | D:4      | Killed an orc warrior
  3361 | D:4      | Reached skill level 5 in Spellcasting
  3475 | D:4      | Found a sacrificial altar of Ru.
  3762 | D:4      | Reached XP level 7. HP: 38/38 MP: 10/17
  4250 | D:5      | Entered Level 5 of the Dungeon
  4523 | D:5      | Found a staircase to the Ecumenical Temple.
  4528 | Temple   | Entered the Ecumenical Temple
  4639 | D:5      | Found a glowing golden altar of the Shining One.
  4678 | D:5      | Noticed Menkaure
  4682 | D:5      | Killed Menkaure
  4682 | D:5      | Reached skill level 5 in Dodging
  4682 | D:5      | Reached skill level 6 in Spellcasting
  4844 | D:5      | Learned a level 5 spell: Fireball
  4985 | D:5      | Reached skill level 5 in Fire Magic
  4985 | D:5      | Reached XP level 8. HP: 30/44 MP: 14/19
  4992 | D:5      | Found an ancient bone altar of Kikubaaqudgha.
  5055 | D:5      | HP: 2/44 [poisoned by an adder]
  6025 | D:6      | Gained mutation: Your flesh is cold resistant. [potion of mutation]
  6025 | D:6      | Gained mutation: You tend to lose your temper in combat. [potion of mutation]
  6026 | D:6      | Gained mutation: Armour fits poorly on your strangely shaped body. [potion of mutation]
  6026 | D:6      | Gained mutation: Potions and wands are less effective at restoring your health. [potion of mutation]
  6026 | D:6      | Lost mutation: Potions and wands are less effective at restoring your health. [potion of mutation]
  6027 | D:6      | Gained mutation: You evolve. [potion of mutation]
  6027 | D:6      | Gained mutation: You have a beak for a mouth. [potion of mutation]
  6027 | D:6      | Lost mutation: Armour fits poorly on your strangely shaped body. [potion of mutation]
  6105 | D:6      | Reached skill level 7 in Spellcasting
  7023 | D:7      | Reached XP level 9. HP: 37/49 MP: 12/22
  7183 | D:7      | Lost mutation: You evolve. [mutagenic meat]
  7184 | D:7      | Gained mutation: You are weak. (Str -2) [mutagenic meat]
  7185 | D:7      | Gained mutation: Your spells are a little harder to cast, but a little more powerful. [mutagenic meat]
  7186 | D:7      | Lost mutation: You tend to lose your temper in combat. [mutagenic meat]
  7374 | D:7      | Reached skill level 8 in Spellcasting
  7887 | D:7      | Found a white marble altar of Elyvilon.
  8559 | D:7      | Reached skill level 9 in Spellcasting
  8861 | D:8      | Found a blossoming altar of Fedhas.
  8869 | D:8      | Reached skill level 5 in Conjurations
  9072 | D:8      | Reached XP level 10. HP: 36/55 MP: 4/25
  9657 | D:8      | Found a radiant altar of Vehumet.
  9662 | D:8      | Became a worshipper of Vehumet
  9727 | D:8      | Reached skill level 5 in Hexes
 10574 | D:9      | Reached * piety under Vehumet
 10574 | D:9      | Offered knowledge of Sting by Vehumet.
 10577 | D:9      | Learned a level 1 spell: Sting
 10804 | D:9      | Gained mutation: Scrolls take you a little longer to read. [mutagenic meat]
 10805 | D:9      | Gained mutation: Scrolls take you longer to read. [mutagenic meat]
 10806 | D:9      | Gained mutation: You are resistant to hostile enchantments. [mutagenic meat]
 10807 | D:9      | Gained mutation: You have an increased reservoir of magic (+10% MP). [mutagenic meat]
 10935 | D:9      | Reached skill level 10 in Spellcasting
 10935 | D:9      | Reached skill level 1 in Poison Magic
 11353 | D:9      | Found a stormy altar of Qazlal.
 11367 | D:9      | Found a sparkling altar of Nemelex Xobeh.
 11439 | D:10     | Entered Level 10 of the Dungeon
 11686 | D:10     | Reached ** piety under Vehumet
 11698 | D:10     | Noticed a hill giant
 11705 | D:10     | Noticed an unseen horror
 11712 | D:10     | Killed an unseen horror
 11712 | D:10     | Offered knowledge of Magic Dart by Vehumet.
 11712 | D:10     | Reached XP level 11. HP: 32/60 MP: 10/30
 11740 | D:10     | Killed a hill giant
 12507 | D:9      | Found a basalt altar of Yredelemnul.
 12507 | D:9      | Found a glowing golden altar of the Shining One.
 12549 | D:11     | Noticed an eight-headed hydra
 12558 | D:11     | Killed an eight-headed hydra
 13073 | D:11     | Reached skill level 11 in Spellcasting
 13128 | D:11     | Noticed Erolcha
 13141 | D:11     | Reached skill level 10 in Dodging
 13408 | D:11     | Found a staircase to the Lair.
 13427 | D:11     | Killed Erolcha
 13786 | D:11     | Found a roughly hewn altar of Beogh.
 13786 | D:11     | Found a staircase to the Orcish Mines.
 13808 | D:11     | Offered knowledge of Mephitic Cloud by Vehumet.
 14202 | D:11     | HP: 3/62 [something (3)]
 14203 | D:11     | Slain by an unseen horror

Vault maps used:
D:1:      tarquinn_simple_flora_water_e, serial_park_tiny_pond
D:2:      lemuel_crystal_altar
D:3:      grunt_temple_overflow_order_and_chaos_1, lemuel_round_altar
D:4:      kennysheep_mini, st_stairs_7
D:5:      kiku_gazebo_garden_becter, minmay_temple_entry_glassed_door,
          gup_sewer_entry_glass, first_bread, nicolae_tso_carved_into_rock,
          uniq_menkaure
D:6:      hangedman_abyss_or_decor_stabs, kennysheep_small_square
D:7:      elyvilon_altar_4, serial_undead, serial_undead_e, serial_undead_c,
          serial_undead_a, serial_undead_b
D:8:      fedhas_bush_and_centaur_altar, marbit_many_paths
D:9:      kennysheep_spiral_hall, nicolae_overflow_hidden_temple
D:11:     lair_0_dummy, david_orc_5, grunt_pizzeria, uniq_erolcha
Temple:   nicolae_temple_great_sept

Skill      XL: |  1  2  3  4  5  6  7  8  9 10 11 |
---------------+----------------------------------+-----
Dodging        | 3 4 5 7 8 9 10 | 10.2
Spellcasting   | 4 5 6 7 9 10 11 | 11.3
Fighting       | 1 2 3 4 |  4.4
Fire Magic     | 4 5 6 7 |  7.2
Armour         | 1 2 3 4 |  4.6
Hexes          | 1 2 3 4 6 7 |  7.4
Shields        | 1 2 3 4 |  4.2
Conjurations   | 2 3 4 5 6 |  6.8
Poison Magic   | 2 3 |  3.1
Stealth        | |  2.4

Action                   |  1- 3 |  4- 6 |  7- 9 | 10-12 || total
-------------------------+-------+-------+-------+-------++-------
Melee: Spear             |    20 |    78 |       |       ||    98
       Whip              |       |       |    85 |    23 ||   108
       Staff             |       |       |    36 |    19 ||    55
       Short sword       |       |       |    16 |    52 ||    68
 Cast: Flame Tongue      |    22 |    64 |   173 |   141 ||   400
       Throw Flame       |    12 |    30 |    58 |    43 ||   143
       Conjure Flame     |     1 |     7 |     5 |    20 ||    33
       Inner Flame       |     1 |     3 |     3 |    10 ||    17
       Sticky Flame      |       |     2 |    23 |    34 ||    59
       Fireball          |       |       |       |     7 ||     7
       Sting             |       |       |       |     1 ||     1
  Use: Scroll            |       |     8 |     9 |     5 ||    22
       Potion            |       |     4 |     5 |     5 ||    14
 Stab: Sleeping          |     3 |       |     1 |     1 ||     5
  Eat: Chunk             |     1 |     6 |    20 |    15 ||    42
       Fruit             |       |     3 |     2 |       ||     5
       Pizza             |       |     1 |       |     2 ||     3
       Meat ration       |       |       |     1 |       ||     1
       Beef jerky        |       |       |       |     1 ||     1
